 Dungeon Crawl Stone Soup version 0.30-a0-557-ge2afbf3030 (webtiles) character file.

Game seed: 6377121106271767735

620 bmack86 the Chopper (level 7, -1/61 HPs)
             Began as a Minotaur Fighter on Dec 28, 2022.
             Slain by a gnoll
             ... wielding a +0 halberd
             ... led by a gnoll bouda
              (13 damage)
             ... on level 4 of the Dungeon.
             The game lasted 00:06:59 (3076 turns).

bmack86 the Chopper (Minotaur Fighter)              Turns: 3076, Time: 00:07:00

Health: -1/61      AC:  7    Str: 23    XL:     7   Next: 22%
Magic:  6/6        EV:  9    Int:  5    God:
Gold:   209        SH:  6    Dex:  9    Spells: 6/6 levels left

rFire   . . .      SeeInvis .    a - +0 war axe
rCold   . . .      Faith    .    c - +1 buckler
rNeg    . . .      Spirit   .    b - +0 scale mail
rPois   .          Reflect  .    (helmet restricted)
rElec   .          Harm     .    (no cloak)
rCorr   .          Rampage  .    (no gloves)
Will    .....                    (no boots) Stlth
                                 (no amulet)
HPRegen 0.30/turn                (no ring)
MPRegen 0.10/turn                (no ring)

@: weakened
A: horns 2, retaliatory headbutt
a: no special abilities


You were on level 4 of the Dungeon.
You visited 1 branch of the dungeon, and saw 5 of its levels.

You collected 209 gold pieces.

Inventory:

Hand Weapons
 a - a +0 war axe (weapon)
Armour
 b - a +0 scale mail (worn)
 c - a +1 buckler (worn)
Scrolls
 e - a scroll of fog
Potions
 d - 2 potions of might
 f - 2 potions of heal wounds
 g - a potion of cancellation {unknown}
 h - 3 potions of lignification {unknown}
 j - a potion of curing {unknown}
 k - a potion of degeneration {unknown}
 l - a potion of mutation {unknown}


   Skills:
 + Level 5.6 Fighting
 * Level 6.3 Axes
 + Level 5.5 Armour
 + Level 5.5 Shields


You had 6 spell levels left.
You didn't know any spells.
Your spell library contained the following spells:

 Spells                   Type           Power      Damage    Failure   Level
 Blink                    Tloc           0%         N/A       94%         2
 Manifold Assault         Tloc           0%         N/A       100%        4
 Storm Form               Tmut/Air       0%         N/A       100%        7


Dungeon Overview and Level Annotations

Branches:
Dungeon (5/15)
 Temple: D:4-7

Altars:
Hepliaklqana
Sif Muna
Xom


Innate Abilities, Weirdness & Mutations

You have a pair of horns on your head.
You reflexively headbutt those who attack you in melee.


Message History

The gnoll hits you from afar with a +0 halberd.
The gnoll hits you with a +0 halberd! The gnoll hits you with a +0 flail.
There is a stone staircase leading up, spattered with blood here.
You can't go down here!
The gnoll hits you with a +0 club.
The gnoll hits you from afar with a +0 halberd!
* * * LOW HITPOINT WARNING * * *
You block the gnoll's attack. The gnoll hits you with a +0 flail.
* * * LOW HITPOINT WARNING * * *
The gnoll completely misses you.
You climb upwards.
There is a stone staircase leading down here.
You feel much better. The gnoll barely misses you. You furiously retaliate!
You headbutt the gnoll!
You kill the gnoll!
The gnoll bouda hits you but does no damage.
You block the gnoll's attack. The gnoll closely misses you.
You furiously retaliate!
You headbutt the gnoll!
You kill the gnoll!
You barely miss the gnoll. Your headbutt misses the gnoll.
You hit the gnoll bouda.
Your attacks no longer feel as feeble.
You block the gnoll bouda's attack. The gnoll hits you with a +0 halberd!
You completely miss the gnoll. You slash the gnoll bouda!
The gnoll bouda gazes fiercely through you!
You feel your attacks grow feeble. You block the gnoll bouda's attack.
The gnoll hits you with a +0 halberd!
You barely miss the gnoll. You hit the gnoll bouda.
The gnoll bouda completely misses you. The gnoll hits you with a +0 halberd.
* * * LOW HITPOINT WARNING * * *
You barely miss the gnoll. Your headbutt misses the gnoll.
You closely miss the gnoll bouda. The gnoll bouda barely misses you.
You furiously retaliate!
You headbutt the gnoll bouda!
You kill the gnoll bouda!
The gnoll hits you but does no damage. The gnoll hits you with a +0 halberd.
* * * LOW HITPOINT WARNING * * *
You completely miss the gnoll. The gnoll hits you with a +0 halberd.
* * * LOW HITPOINT WARNING * * *
You closely miss the gnoll. The gnoll hits you with a +0 halberd!
You die...

###.## #..# ## #....## ##.##
##. #.....## #..# ##..
#......### ##.## ##... ##
##.......## ##..# ###.... .#
#........# #...# ##...... .#
#........###..########..##...
.#
##......###)g).........####..
.# ###...###.)@.......#..#
#.. .####
##..#...###.........# #..
....######...#####.........#
#.. ###...##...###
#....>.....# #.. # ###.....##
#..........# #.. # ##.....##
#.......#..####.. #.......#
#......##..##.... ##.......##
##.....##))#.....
##.........# ###..##.........


You could see a gnoll (swift).

Vanquished Creatures
  Sigmund (D:3)
  A bullfrog (D:4)
  A scorpion (D:4)
  A howler monkey (D:4)
  A hound (D:4)
  A gnoll bouda (D:4)
  3 orc wizards (D:4)
  6 gnolls (D:4)
  2 adders
  4 worms
  A dart slug (D:3)
  9 orcs
  2 ball pythons
  10 endoplasms
  5 giant cockroaches
  9 goblins
  2 hobgoblins (D:3)
  8 kobolds
  3 quokkas
  4 bats
  2 frilled lizards
  4 rats
80 creatures vanquished.

Vanquished Creatures (others)
  4 plants (D:4)
4 creatures vanquished.

Grand Total: 84 creatures vanquished

Notes
Turn   | Place    | Note
-------+----------+-------------------------------------------
     0 | D:1      | bmack86 the Minotaur Fighter began the quest for the Orb.
     0 | D:1      | Reached XP level 1. HP: 19/19 MP: 0/0
   355 | D:1      | Found a faded altar of an unknown god.
   357 | D:1      | Reached XP level 2. HP: 27/27 MP: 1/1
   416 | D:1      | Reached skill level 3 in Axes
   644 | D:2      | Reached XP level 3. HP: 33/33 MP: 2/2
  1673 | D:3      | Reached XP level 4. HP: 40/40 MP: 3/3
  1826 | D:3      | Noticed Sigmund
  1839 | D:3      | Killed Sigmund
  1840 | D:3      | Reached skill level 4 in Axes
  1840 | D:3      | Reached XP level 5. HP: 44/47 MP: 4/4
  1935 | D:4      | Reached skill level 5 in Axes
  1935 | D:4      | Reached XP level 6. HP: 40/55 MP: 5/5
  2026 | D:4      | Reached skill level 5 in Fighting
  2067 | D:4      | Found a hazy altar of Hepliaklqana.
  2117 | D:4      | Reached skill level 5 in Armour
  2117 | D:4      | Reached skill level 5 in Shields
  2628 | D:4      | Reached skill level 6 in Axes
  2628 | D:4      | Reached XP level 7. HP: 61/61 MP: 6/6
  2631 | D:4      | Found a shimmering blue altar of Sif Muna.
  2635 | D:4      | Found a shimmering altar of Xom.
  3057 | D:5      | Entered Level 5 of the Dungeon
  3076 | D:4      | Slain by a gnoll

Illustrated notes

Levels and vault maps discovered:
D:1:      dpeg_arrival_line_fractal, layout_loops_ring,
          shapermc_ecumenical_altar_pompeii
D:2:      layout_basic, serial_curves, eino_curves_02, eino_curves_03,
          eino_curves_04, eino_curves_02
D:3:      layout_rooms, uniq_sigmund
D:4:      layout_cave_pods, nicolae_hepliaklqana_hazy_memory,
          grunt_temple_overflow_open, minmay_liquid_box
D:5:      layout_basic, nicolae_tso_swordbearing_angel, kennysheep_flooded_box,
          roderic_roman_lattice, serial_bayou_ford_a, minmay_ogre_servants,
          uniq_crazy_yiuf_cottage, uniq_grinder

Skill      XL: |  1  2  3  4  5  6 |
---------------+-------------------+-----
Axes           | 3 4 5 6 |  6.3
Fighting       | 4 5 |  5.6
Armour         | 4 5 |  5.5
Shields        | 4 5 |  5.5

Action                   |  1- 3 |  4- 6 |  7- 9 || total
-------------------------+-------+-------+-------++-------
Melee: War axe           |    88 |    56 |    19 ||   163
       Headbutt          |    13 |     9 |     1 ||    23
  Use: Scroll            |     5 |       |     1 ||     6
       Potion            |       |       |     1 ||     1
Armor: Scale mail        |    32 |    36 |     6 ||    74
Dodge: Dodged            |    44 |    28 |    18 ||    90
Block: Buckler           |    18 |    14 |    13 ||    45

Table legend: (Time is in decaauts)
 A = Elapsed time spent in this place.
 B = Non-inter-level travel time spent in this place.
 C = Inter-level travel time spent in this place.
 D = Time resting spent in this place.
 E = Time spent auto-exploring this place.
 F = Levels seen in this place.
 G = Mean time per level.
                   A        B        C        D        E       F      G
               +--------+--------+--------+--------+--------+-----+--------+
         Total |   3129 |   3045 |     84 |     98 |   2143 |   5 |  625.8 |
       Dungeon |   3129 |   3045 |     84 |     98 |   2143 |   5 |  625.8 |
               +--------+--------+--------+--------+--------+-----+--------+

Top non-repeatable levels by time:
     D:4: 1169 daAuts
     D:2: 940 daAuts
     D:1: 604 daAuts
     D:3: 401 daAuts
     D:5: 12 daAuts
